 Dungeon Crawl Stone Soup version 0.29-a0-359-g541a27f54d (webtiles) character file.

Game seed: 5624778218641326294

29 Morbidden the Conjurer (level 3, 19/25 HPs)
             Began as a Demonspawn Conjurer on Apr 27, 2022.
             Quit the game on level 1 of the Dungeon.
             The game lasted 00:00:42 (1116 turns).

Morbidden the Conjurer (Demonspawn Conjurer)        Turns: 1116, Time: 00:00:43

Health: 19/25      AC:  2    Str:  7    XL:     3   Next: 1%
Magic:  6/6        EV: 12    Int: 21    God:
Gold:   88         SH:  0    Dex: 11    Spells: 5/6 levels left

rFire   . . .      SeeInvis .   a - +0 dagger
rCold   . . .      Faith    .   (no shield)
rNeg    . . .      Spirit   .   e - +0 robe
rPois   .          Reflect  .   (helmet restricted)
rElec   .          Harm     .   (no cloak)
rCorr   .          Rampage  .   (no gloves)
Will    .....                   (no boots)
Stlth   ++........              (no amulet)
HPRegen 0.08/turn               (no ring)
MPRegen 0.10/turn               (no ring)

@: no status effects
A: antennae 1, demonic touch 1
a: no special abilities


You were on level 1 of the Dungeon.
You visited 1 branch of the dungeon, and saw 1 of its levels.

You collected 88 gold pieces.

Inventory:

Hand Weapons
 a - a +0 dagger (weapon)
Armour
 e - a +0 robe (worn)
Scrolls
 d - 3 scrolls of identify {unknown}
 f - a scroll of teleportation {unknown}
Potions
 b - a potion of magic
 c - a potion of lignification {unknown}


   Skills:
 * Level 0.6 Fighting
 * Level 1.8 Dodging
 + Level 1.7 Stealth
 * Level 2.1 Spellcasting
 * Level 4.7 Conjurations


You had 5 spell levels left.
You knew the following spells:

 Your Spells              Type           Power      Damage    Failure   Level
a - Magic Dart            Conj           88%        1d7       1%          1

Your spell library contained the following spells:

 Spells                   Type           Power      Damage    Failure   Level
 Searing Ray              Conj           44%        2d6       3%          2
 Dazzling Flash           Conj/Hex       24%        N/A       16%         3
 Fulminant Prism          Conj/Hex       6%         3d7       47%         4
 Iskenderun's Mystic Bla  Conj/Tloc      12%        2d5       47%         4


Dungeon Overview and Level Annotations

Branches:
Dungeon (1/15)

Altars:


Innate Abilities, Weirdness & Mutations

You have a pair of small antennae on your head.
Your touch may inflict minor irresistible damage on your foes.


Message History

The kobold shouts!
The kobold throws a stone.
The stone closely misses you.
The kobold throws a stone.
The stone barely misses you.
Unknown command.
A kobold is nearby!
A dart slug comes into view.
The kobold barely misses you.
Unknown command.
There are monsters nearby!
Unknown command.
There are monsters nearby!
You hit the kobold.
The kobold is moderately wounded.
The kobold hits you with a +0 whip.
There are monsters nearby!
You barely miss the kobold.
The kobold is moderately wounded.
The kobold misses you.
There are monsters nearby!
Unknown command.
You hit the kobold.
You kill the kobold!
You hit the dart slug but do no damage. The dart slug bites you.
Unknown command.
You hit the dart slug.
You touch the dart slug.
The dart slug is severely wounded.
Unknown command.
You hit the dart slug.
The dart slug is almost dead.
The dart slug bites you.
Unknown command.
You hit the dart slug.
You kill the dart slug!
You have reached level 3!
Your experience leads to an increase in your attributes!
Increase (S)trength, (I)ntelligence, or (D)exterity?
You feel clever. x2; Your demonic ancestry asserts itself...
A pair of antennae grows on your head!
Unknown command.
Are you sure you want to abandon this character and quit the game? (Confirm with "yes".)

#.# #######.###
##### #.........#
#...#####.###.....#
#.........# ##.....
#...####### ##.###
####.#### #.#
#.......# #.#
#.##@##.# #+# # #)#
# #.. ####


There were no monsters in sight!

Vanquished Creatures
  3 dart slugs (D:1)
  3 bats (D:1)
  3 endoplasms (D:1)
  A giant cockroach (D:1)
  A goblin (D:1)
  A hobgoblin (D:1)
  A quokka (D:1)
  A ball python (D:1)
  2 frilled lizards (D:1)
  4 kobolds (D:1)
  3 rats (D:1)
23 creatures vanquished.

Notes
Turn   | Place    | Note
-------+----------+-------------------------------------------
     0 | D:1      | Morbidden the Demonspawn Conjurer began the quest for the
                  | Orb.
     0 | D:1      | Reached XP level 1. HP: 13/13 MP: 3/3
   360 | D:1      | Discovered your monstrous ancestry.
   360 | D:1      | Gained mutation: Your touch may inflict minor irresistible
                  | damage on your foes. [demonic ancestry]
   360 | D:1      | Reached XP level 2. HP: 20/20 MP: 0/5
  1116 | D:1      | Gained mutation: You have a pair of small antennae on your
                  | head. [demonic ancestry]
  1116 | D:1      | Reached XP level 3. HP: 19/25 MP: 6/6
  1116 | D:1      | Quit the game

Illustrated notes

Levels and vault maps discovered:
D:1:      tarquinn_simple_flora_water_f, layout_loops_corners,
          grunt_decor_fettered

Action                   || total
-------------------------++-------
Melee: Dagger            ||    28
       Touch             ||     4
 Cast: Magic Dart        ||    19
 Stab: Sleeping          ||     4
Armor: Robe              ||     3
Dodge: Dodged            ||    11

Table legend: (Time is in decaauts)
 A = Elapsed time spent in this place.
 B = Non-inter-level travel time spent in this place.
 C = Inter-level travel time spent in this place.
 D = Time resting spent in this place.
 E = Time spent auto-exploring this place.
 F = Levels seen in this place.
 G = Mean time per level.
                   A        B        C        D        E       F      G
               +--------+--------+--------+--------+--------+-----+--------+
         Total |   1114 |   1114 |      0 |      0 |   1002 |   1 | 1114.0 |
       Dungeon |   1114 |   1114 |      0 |      0 |   1002 |   1 | 1114.0 |
               +--------+--------+--------+--------+--------+-----+--------+

Top non-repeatable levels by time:
     D:1: 1114 daAuts
